 Dungeon Crawl Stone Soup version 0.29-a0-1047-g7c58e119a4 (webtiles) character file.

Game seed: 1026752660392352233

4516 Zeldest the Trooper (level 10, -11/80 HPs)
             Began as a Mummy Chaos Knight on Aug 17, 2022.
             Was an Elder of Vehumet.
             Mangled by a wight
             ... wielding a +0 battleaxe
              (18 damage)
             ... on level 9 of the Dungeon.
             The game lasted 00:16:30 (8346 turns).

Zeldest the Trooper (Mummy Chaos Knight)            Turns: 8346, Time: 00:16:30

Health: -11/80     AC:  7    Str: 15    XL:     10   Next: 16%
Magic:  11/14      EV: 11    Int: 16    God:    Vehumet [****..]
Gold:   487        SH:  5    Dex: 12    Spells: 11/15 levels left

rFire   x . .      SeeInvis .   h - +0 broad axe (spect)
rCold   + . .      Faith    .   (no shield)
rNeg    + + +      Spirit   .   b - +2 leather armour
rPois   ∞          Reflect  +   u - +0 helmet
rElec   .          Harm     .   (no cloak)
rCorr   +          Rampage  .   (no gloves)
Will    +....                   e - +0 pair of boots
Stlth   +.........              n - amulet of reflection
HPRegen 0.23/turn               l - ring of resist corrosion
MPRegen 0.14/turn               o - ring of flight

@: freezing walls, flying
A: cold resistance 1, negative energy resistance 3, torment resistance 2, heat
vulnerability 1, in touch with death 1, no potions
a: Renounce Religion


You were on level 9 of the Dungeon.
You worshipped Vehumet.
Vehumet was greatly pleased with you.
You visited 2 branches of the dungeon, and saw 10 of its levels.

You collected 577 gold pieces.
You spent 90 gold pieces at shops.

Inventory:

Hand Weapons
 h - a +0 spectral broad axe (weapon)
 k - a +5 spear
Armour
 b - a +2 leather armour (worn)
 e - a +0 pair of boots (worn)
 u - a +0 helmet (worn)
Magical Staves
 p - a staff of death
Jewellery
 l - a ring of resist corrosion (left hand)
 n - an amulet of reflection (around neck)
 o - a ring of flight (right hand)
Wands
 s - a wand of flame (8)
 v - a wand of paralysis (5)
Scrolls
 a - a scroll of blinking
 d - 2 scrolls of butterflies
 f - 2 scrolls of enchant armour
 g - 2 scrolls of brand weapon
 i - 5 scrolls of identify
 j - a scroll of teleportation
 m - a scroll of noise
 q - a scroll of torment
 r - a scroll of poison
 t - 2 scrolls of fear
Miscellaneous
 c - a piece from Xom's chessboard (15/15)


   Skills:
 + Level 7.9 Fighting
 + Level 6.8 Axes
 - Level 1.9 Armour
 - Level 0.7 Dodging
 - Level 3.1 Spellcasting
 + Level 5.7 Conjurations
 + Level 5.3 Ice Magic
 - Level 2.1 Earth Magic


You had 11 spell levels left.
You knew the following spells:

 Your Spells              Type           Power      Damage    Failure   Level
a - Sandblast             Erth           18%        2d7       2%          1
b - Frozen Ramparts       Ice            38%        1d6       2%          3

Your spell library contained the following spells:

 Spells                   Type           Power      Damage    Failure   Level
 Iskenderun's Battlesphe  Conj           20%        2d7       16%         5
 Foxfire                  Conj/Fire      44%        2x1d6     1%          1
 Conjure Flame            Conj/Fire      11%        6-21      6%          3
 Ozocubu's Armour         Ice            19%        N/A       8%          3
 Inner Flame              Hex/Fire       2%         N/A       17%         3
 Flame Wave               Conj/Fire      11%        2d6       17%         4
 Apportation              Tloc           4%         N/A       22%         1
 Necrotise                Necr           12%        1d4       22%         1
 Slow                     Hex            8%         N/A       22%         1
 Summon Small Mammal      Summ           8%         N/A       22%         1
 Call Canine Familiar     Summ           2%         N/A       56%         3
 Confusing Touch          Hex            2%         N/A       56%         3
 Summon Guardian Golem    Hex/Summ       2%         N/A       56%         3
 Vampiric Draining        Necr           3%         2d6       56%         3
 Yara's Violent Unravell  Hex/Tmut       1%         3d3       80%         5
 Orb of Destruction       Conj           10%        9d6       98%         7
 Agony                    Necr           3%         N/A       99%         5
 Ozocubu's Refrigeration  Ice            9%         4d9       99%         7
 Enfeeble                 Hex            1%         N/A       100%        7
 Spellforged Servitor     Conj/Summ      5%         N/A       100%        7


Dungeon Overview and Level Annotations

Branches:
Dungeon (9/15)             Temple (1/1) D:5            Lair (0/5) D:8
    Orc: D:9-12

Altars:
Ashenzari
Cheibriados
Dithmenos
Fedhas
Hepliaklqana
Kikubaaqudgha
Makhleb
Nemelex Xobeh
Okawaru
Qazlal
Sif Muna
Trog
Uskayaw
Vehumet
Wu Jian
Xom

Shops:
D:3 =!?

Annotations:
D:5 exclusion: 2 doors
D:8 1 runed translucent door


Innate Abilities, Weirdness & Mutations

You are immune to poison.
Your flesh is cold resistant. (rC+)
You are immune to negative energy. (rN+++)
You are immune to unholy pain and torment.
You are vulnerable to heat. (rF-)
You are in touch with the powers of death.
You do not drink.


Message History

The wyvern is heavily wounded.
You closely miss the wight. The wyvern bites you. The wight closely misses you.
The wyvern bites you!
You hit the wyvern.
The wyvern is heavily wounded.
You hit the wight.
The wyvern bites you but does no damage.
The wight misses your +0 spectral broad axe.
The wight hits you but does no damage.
The wyvern bites you but does no damage.
The wight hits you with a +4 scimitar!
The wight completely misses your +0 spectral broad axe.
You hit the wyvern.
The wyvern is severely wounded.
You hit the wight.
You destroy the wight!
Vehumet accepts your kill.
Your +0 spectral broad axe hits the wyvern.
Your +0 spectral broad axe hits the wight.
You hear the loud creaking of a distant portcullis.
The wyvern barely misses your +0 spectral broad axe.
The wyvern bites your +0 spectral broad axe!
Your spectral weapon shares its damage with you!
* * * LOW HITPOINT WARNING * * *
Casting: Frozen Ramparts (mildly dangerous; 2% risk of failure)
Press: ? - help, Q - select action, (/) - cycle Dir - look around, f - activate The walls around you are covered in ice.
The wyvern hisses angrily.
The wall freezes the wyvern but does no damage.
The wyvern closely misses you.
The wight completely resists.
The wall freezes the wight but does no damage.
The wight barely misses you.
You hit the wyvern.
The wyvern is severely wounded.
You slash the wight!
The wall freezes the wyvern.
The wyvern bites you!
* * * LOW HITPOINT WARNING * * *
The wall freezes the wyvern.
You block the wyvern's attack.
The wall freezes the wight but does no damage.
The wight hits you with a +0 battleaxe!!
You die...

..........##.....#.#.......
......>(..##.....#.........
.........<................
......$...##............##
..#.......#...##.........# .
#...z..z......##........##..
#.........##................
##.......####..÷.##.......##
..........###@..###.>.......
............zl§..##.......#.
.##.............#####.###
..............## .#
................. #
.........##.###..
.............# ...
..........=.## ..
..#...##....#


You could see a wyvern and a wight.

Vanquished Creatures
  4 yaks (D:9)
  2 wyverns
  2 steam dragons
  Menkaure (D:5)
  A black bear (D:6)
  5 orc warriors
  2 ice beasts
  2 sky beasts (D:7)
  2 ogres
  3 phantoms
  A bullfrog (D:7)
  5 scorpions
  12 wights
  3 killer bees (D:8)
  3 howler monkeys (D:9)
  A crimson imp (D:5)
  A jelly (D:7)
  2 hounds
  2 orc priests
  6 iguanas
  4 orc wizards
  A gnoll (D:1)
  12 adders
  2 shadow imps
  A white imp (D:6)
  An ufetubus (D:5)
  2 worms
  4 dart slugs
  35 orcs
  4 endoplasms
  7 giant cockroaches
  8 goblins
  5 hobgoblins
  A jackal (D:4)
  9 kobolds
  2 quokkas
  7 ball pythons
  4 bats
  7 frilled lizards
  6 rats
182 creatures vanquished.

Vanquished Creatures (others)
  6 plants (D:1)
6 creatures vanquished.

Grand Total: 188 creatures vanquished

Notes
Turn   | Place    | Note
-------+----------+-------------------------------------------
     0 | D:1      | Zeldest the Mummy Chaos Knight began the quest for the Orb.
     0 | D:1      | Reached XP level 1. HP: 18/18 MP: 1/1
    64 | D:1      | Reached XP level 2. HP: 21/24 MP: 2/2
   158 | D:1      | Found a faded altar of an unknown god.
   190 | D:1      | Prayed at the altar of an unknown god.
   190 | D:1      | Fell from the grace of Xom
   190 | D:1      | Became a worshipper of Vehumet
   190 | D:1      | Reached * piety under Vehumet
   190 | D:1      | Offered knowledge of Sandblast by Vehumet.
   193 | D:1      | Learned a level 1 spell: Sandblast
   423 | D:1      | Gained mutation: You are in touch with the powers of death.
                  | [Mummy growth]
   423 | D:1      | Reached XP level 3. HP: 29/29 MP: 3/3
   734 | D:2      | Reached skill level 1 in Spellcasting
  1198 | D:2      | Reached XP level 4. HP: 34/35 MP: 5/5
  1363 | D:2      | XOM: 5-stop teleportation journey
  1442 | D:2      | XOM: summons 4 hostile demons
  1580 | D:1      | XOM: summons 4 hostile demons
  1763 | D:3      | You fall into a shaft and drop 1 floor!
  1788 | D:4      | Noticed a phantom
  1798 | D:4      | Killed a phantom
  1799 | D:4      | Reached skill level 1 in Earth Magic
  1799 | D:4      | Reached XP level 5. HP: 42/42 MP: 5/8
  1928 | D:3      | Reached ** piety under Vehumet
  1928 | D:3      | Offered knowledge of Poisonous Vapours by Vehumet.
  1939 | D:3      | Reached skill level 1 in Conjurations
  2045 | D:3      | Found Tehike Disym's Jewellery Shop.
  2164 | D:3      | Found Foump's Distillery.
  2245 | D:3      | Found Dukhlaaf's Magic Scroll Shoppe.
  2257 | D:3      | Bought a scroll of blinking for 90 gold pieces
  2595 | D:4      | Noticed a phantom
  2595 | D:4      | Noticed an ogre
  2598 | D:4      | Killed a phantom
  2599 | D:4      | Reached skill level 4 in Fighting
  2599 | D:4      | Reached XP level 6. HP: 46/48 MP: 9/9
  2702 | D:4      | Offered knowledge of Frozen Ramparts by Vehumet.
  2707 | D:4      | Learned a level 3 spell: Frozen Ramparts
  2952 | D:4      | XOM: summons 5 hostile demons
  3189 | D:5      | Entered Level 5 of the Dungeon
  3191 | D:5      | Noticed Menkaure
  3197 | D:5      | Killed Menkaure
  3198 | D:5      | Reached skill level 1 in Ice Magic
  3198 | D:5      | Reached XP level 7. HP: 55/55 MP: 11/11
  3302 | D:5      | XOM: summons 1 hostile demon
  3334 | D:5      | Reached *** piety under Vehumet
  3420 | D:5      | Found a burning altar of Makhleb.
  3420 | D:5      | Found a radiant altar of Vehumet.
  3443 | D:5      | Found a staircase to the Ecumenical Temple.
  3450 | D:5      | XOM: summons 4 hostile shadow creatures
  3554 | D:5      | XOM: summons 2 hostile demons
  3563 | D:5      | XOM: cloud trail
  3633 | D:5      | Reached skill level 5 in Fighting
  3875 | D:5      | Noticed a yak
  3876 | D:5      | Noticed a yak
  3877 | D:5      | Noticed a yak
  3877 | D:5      | Noticed a yak
  3878 | D:5      | Noticed a yak
  3962 | Temple   | Entered the Ecumenical Temple
  4573 | D:6      | Reached XP level 8. HP: 59/62 MP: 12/12
  4586 | D:6      | XOM: summons 2 hostile demons
  5083 | D:7      | Reached skill level 5 in Axes
  5265 | D:7      | Reached skill level 6 in Fighting
  5594 | D:7      | Offered knowledge of Airstrike by Vehumet.
  5684 | D:7      | Reached XP level 9. HP: 49/71 MP: 10/13
  5896 | D:7      | XOM: confusion (+ monsters)
  6451 | D:7      | XOM: noise
  6780 | D:8      | Noticed a sixfirhy
  6783 | D:8      | Found a runed translucent door.
  6904 | D:8      | Reached skill level 7 in Fighting
  6946 | D:8      | Found a staircase to the Lair.
  6980 | D:8      | Reached skill level 5 in Conjurations
  7017 | D:8      | XOM: noise
  7059 | D:8      | Reached **** piety under Vehumet
  7131 | D:8      | XOM: silly message
  7213 | D:8      | XOM: silly message
  7344 | D:8      | XOM: silly message
  7456 | D:8      | XOM: silly message
  7820 | D:9      | Offered knowledge of Iskenderun's Battlesphere by Vehumet.
  7821 | D:9      | Reached skill level 5 in Ice Magic
  7965 | D:9      | Reached XP level 10. HP: 71/80 MP: 10/14
  7965 | D:9      | XOM: noise
  7970 | D:9      | HP: 4/80 [yak (13)]
  8346 | D:9      | Mangled by a wight

Illustrated notes

Levels and vault maps discovered:
D:1:      dreamdust_arrival_beginning_and_end, layout_basic, serial_bayou,
          serial_bayou_pond_a, serial_bayou_pond_a, serial_bayou_lake_a,
          serial_bayou_pond_b, chequers_ecumenical_altar_island
D:2:      layout_basic, amcnicky_mini_rare_corridor_liquid
D:3:      layout_loops_cross, serial_shops, nicolae_shop_trees, shop,
          nicolae_shop_trees, roderic_lattice_a
D:4:      minmay_diamond_boxcup, layout_loops_cross
D:5:      layout_basic, grunt_temple_overflow_lords_of_destruction,
          temple_fountains, uniq_menkaure, uniq_crazy_yiuf_cottage
D:6:      layout_loops_ring
D:7:      layout_basic
D:8:      cheibrodos_shockbox, layout_loops_ring,
          chequers_temple_overflow_statue_of_worship, lair_entry_dummy,
          special_room [special_room_orc], roderic_roman_lattice
D:9:      layout_cave_pools, enter_bailey_6, lemuel_flame_loot_1
Temple:   nicolae_temple_bog_church

Skill      XL: |  1  2  3  4  5  6  7  8  9 |
---------------+----------------------------+-----
Axes           | 3 4 5 6 |  6.8
Spellcasting   | 1 2 3 |  3.1
Earth Magic    | 1 2 |  2.1
Conjurations   | 1 2 3 4 5 |  5.7
Fighting       | 4 5 6 7 |  7.9
Ice Magic      | 1 2 3 5 |  5.3
Armour         | |  1.9
Dodging        | |  0.7

Action                   |  1- 3 |  4- 6 |  7- 9 | 10-12 || total
-------------------------+-------+-------+-------+-------++-------
Melee: Hand axe          |    67 |       |       |       ||    67
       Broad axe         |    60 |   101 |   220 |    18 ||   399
       Punch             |     1 |     1 |     1 |       ||     3
 Cast: Frozen Ramparts   |       |       |    19 |     4 ||    23
Evoke: Wand              |       |       |     4 |       ||     4
  Use: Scroll            |       |     5 |     7 |     1 ||    13
 Stab: Distracted        |       |       |     1 |       ||     1
       Paralysed         |       |       |     2 |       ||     2
       Sleeping          |       |       |     1 |       ||     1
Armor: Leather armour    |    69 |    65 |    83 |     7 ||   224
Dodge: Dodged            |   101 |    96 |   116 |    16 ||   329
Block: Other             |       |       |    14 |     5 ||    19

Table legend: (Time is in decaauts)
 A = Elapsed time spent in this place.
 B = Non-inter-level travel time spent in this place.
 C = Inter-level travel time spent in this place.
 D = Time resting spent in this place.
 E = Time spent auto-exploring this place.
 F = Levels seen in this place.
 G = Mean time per level.
                   A        B        C        D        E       F      G
               +--------+--------+--------+--------+--------+-----+--------+
         Total |   8562 |   8266 |    296 |   2732 |   3938 |  10 |  856.2 |
       Dungeon |   8426 |   8136 |    290 |   2732 |   3825 |   9 |  936.2 |
        Temple |    135 |    129 |      6 |      0 |    113 |   1 |  135.0 |
               +--------+--------+--------+--------+--------+-----+--------+

Top non-repeatable levels by time:
     D:8: 1661 daAuts
     D:7: 1455 daAuts
     D:2: 1073 daAuts
     D:5: 982 daAuts
     D:6: 905 daAuts
     D:3: 767 daAuts
     D:1: 743 daAuts
     D:4: 720 daAuts
  Temple: 135 daAuts
     D:9: 117 daAuts
